 Dungeon Sprint DCSS version 0.31-a0-691-g409c26aa35 (webtiles) character file.

Game seed: 6590030199162957988

4979 fingers the Cleaver (level 10, -34/76 HPs)
             Began as a Demonspawn Shapeshifter on Sept 6, 2023.
             Was a Priest of Jiyva.
             Killed from afar by a fire giant (43 damage)
             ... with a bolt of fire
             ... in the Dungeon (Sprint V: "Ziggurat Sprint").
             The game lasted 00:03:15 (443 turns).

fingers the Cleaver (Demonspawn Shapeshifter)        Turns: 443, Time: 00:03:16

Health: -34/76     AC: 27    Str: 39    XL:     10   Next: 29%
Magic:  0/10       EV:  5    Int:  9    God:    Jiyva [***...]
Gold:   0          SH: 29    Dex: 16    Spells: 9/9 levels left

rFire   . . .        G - +16 obsidian axe {drain, demonic, Mesm Drain Fly SInv}
rCold   . . .        F - +18 shield of the Gong {Loud rN+ Will+ rCorr EV-5}
rNeg    + . .        E - +15 Maxwell's patent armour {-Cast -Tele rElec Will+ rCorr}
rPois   .            (helmet currently unavailable)
rElec   +            (cloak currently unavailable)
rCorr   +            (gloves currently unavailable)
SInv    +            (boots currently unavailable)
Will    ++...        H - amulet "Eqoc Yli" {Spirit Dex+5} Stlth
                     y - +6 ring of strength
HPRegen 1.44/turn    z - +6 ring of strength
MPRegen 0.47/turn

%: no teleportation, no spellcasting, guardian spirit
@: beast-form, flying, mesmerised, studying Evocations
A: beast (slay +4), antennae 2, demonic guardian 1, strong 2, jelly sensing
items, engulf
a: Begin Untransformation, Renounce Religion, Oozemancy


You were in the Dungeon.
You worshipped Jiyva.
Jiyva was most pleased with you.
You were a hulking beast.
You visited 1 branch

Inventory:

Hand Weapons
 D - the +9 sword of Zonguldrok {reap}
   (You found it in the Dungeon)
 G - the +16 obsidian axe (weapon) {drain, demonic, Mesm Drain Fly SInv}
   (You found it in the Dungeon)

   Mesm:      Its wielder is mesmerised by any visible foes, and it cannot be
   unequipped while any foes are visible.
   SInv:      It lets you see invisible.
   Fly:       It grants you flight.
   Drain:     It drains your maximum health when unequipped.
Missiles
 K - 3 throwing nets
Armour
 a - a +0 animal skin
 E - the +15 Maxwell's patent armour (worn) {-Cast -Tele rElec Will+ rCorr}
   (You found it in the Dungeon)

   rElec:     It insulates you from electricity.
   Will+:     It increases your willpower.
   -Cast:     It prevents spellcasting.
   -Tele:     It prevents most forms of teleportation.
   rCorr:     It protects you from acid and corrosion.
 F - the +18 shield of the Gong (worn) {Loud rN+ Will+ rCorr EV-5}
   (You found it in the Dungeon)

   Loud:      It is deafeningly noisy when blocking attacks.
   EV-5:      It affects your evasion (-5).
   rN+:       It protects you from negative energy.
   Will+:     It increases your willpower.
   rCorr:     It protects you from acid and corrosion.
Jewellery
 t - a ring of flight
 u - a +6 ring of dexterity
 v - a +6 ring of dexterity
 w - a +6 ring of intelligence
 x - a +6 ring of intelligence
 y - a +6 ring of strength (left hand)
 z - a +6 ring of strength (right hand)
 H - the amulet "Eqoc Yli" (around neck) {Spirit Dex+5}
   (You found it in the Dungeon)

   [amulet of guardian spirit]

   Spirit:    It causes incoming damage to be divided between your reserves of
   health and magic.
   Dex+5:     It affects your dexterity (+5).
 J - a +5 ring of evasion
 L - an amulet of regeneration
 N - the amulet of Faep Zoadd {Faith Fly rPois Will- Regen+}
   (You found it in the Dungeon)

   [amulet of faith]

   Faith:     It allows you to gain divine favour quickly.
   rPois:     It protects you from poison Will-: It decreases your willpower.
   Fly:       It grants you flight.
   Regen+:    It increases your rate of health regeneration.
Talismans
 c - a beast talisman (active)
 d - a flux talisman
Wands
 A - a wand of mindburst (7)
 B - a wand of iceblast (9) (quivered)
 C - a wand of acid (7)
 I - a wand of charming (6)
 M - a wand of flame (7)
 O - a wand of digging (7)
Scrolls
 j - 4 scrolls of blinking
 p - 4 scrolls of amnesia
 q - 7 scrolls of fog
 r - 5 scrolls of identify
 s - 2 scrolls of fear
Potions
 b - a potion of lignification
 e - 10 potions of curing
 f - 6 potions of heal wounds
 g - 10 potions of haste
 h - 7 potions of magic
 i - 3 potions of berserk rage
 k - 2 potions of brilliance
 l - 2 potions of invisibility
 m - 4 potions of resistance
 n - a potion of experience
 o - 5 potions of might


   Skills:
 + Level 6.2 Fighting
 + Level 12.0 Axes
 + Level 5.9 Armour
 + Level 4.3 Dodging
 + Level 1.8 Stealth
 + Level 9.2 Shields
 + Level 9.8 Unarmed Combat
 + Level 0.5 Evocations
 + Level 10.3 Shapeshifting


You had 9 spell levels left.
You didn't know any spells.
Your spell library contained the following spells:

 Spells                   Type           Power      Damage    Failure   Level
 Freeze                   Ice            0%         1d3       98%         1
 Ensorcelled Hibernation  Hex/Ice        0%         N/A       99%         2
 Passwall                 Tmut/Erth      0%         N/A       99%         2
 Call Canine Familiar     Summ           0%         N/A       100%        3
 Frozen Ramparts          Ice            0%         1d1       100%        3
 Hailstorm                Conj/Ice       0%         3d3       100%        3
 Mephitic Cloud           Conj/Pois/Air  0%         N/A       100%        3
 Portal Projectile        Hex/Tloc       0%         N/A       100%        3
 Swiftness                Air            0%         N/A       100%        3
 Animate Dead             Necr           0%         N/A       100%        4
 Leda's Liquefaction      Hex/Erth       0%         N/A       100%        4
 Manifold Assault         Tloc           0%         N/A       100%        4
 Borgnjor's Vile Clutch   Necr/Erth      0%         N/A       100%        5
 Dispersal                Tloc           0%         N/A       100%        6
 Haunt                    Necr/Summ      0%         N/A       100%        7
 Disjunction              Tloc           0%         N/A       100%        8
 Infestation              Necr           0%         N/A       100%        8


Dungeon Overview and Level Annotations

Branches:
Dungeon (1/1)

Altars:
Ashenzari
Cheibriados
Dithmenos
Fedhas
Gozag
Hepliaklqana
Kikubaaqudgha
Makhleb
Nemelex Xobeh
Okawaru
Qazlal
Ru
Sif Muna
Trog
Uskayaw
Vehumet
Wu Jian
Xom
Yredelemnul
Jiyva
Lugonu

Annotations:
D 1 transporter


Innate Abilities, Weirdness & Mutations

You are a hulking beast.
Your limbs bulge with bestial killing power. (Slay +4)
You have a pair of antennae on your head.
A weak demonic guardian rushes to your aid.
Your muscles are very strong. (Str +8, Int/Dex -2)
You have a small jelly attached to you that senses nearby items.
Your melee attacks may engulf your foes in ooze.


Message History

You engulf the hell hound in ooze!
Visions of slaying the hell hog flood into your mind.
The hell hound is asphyxiated! x2; The hell hog is asphyxiated! x2
You block the hell hog's attack.
GONNNNG!
The hell hound bites you but does no damage.
You block the fire elemental's attack.
PTOANNNG!
You block the hell hog's attack.
GONNNNG!
You block the fire giant's attack.
GONNNNG!
The fire giant points at you and mumbles some strange words.
The bolt of fire hits the hell hound.
The hell hound completely resists.
The bolt of fire hits you!! The efreet gestures at you.
The bolt of fire hits the fire elemental.
The fire elemental completely resists.
The bolt of fire hits the fire elemental.
The fire elemental completely resists.
The bolt of fire hits you!
* * * LOW HITPOINT WARNING * * *
The fire dragon breathes flames at you.
The blast of flame hits your soul eater!!!
Your soul eater dies!
Your soul eater disappears in a puff of smoke!
The blast of flame hits you!
* * * LOW HITPOINT WARNING * * *
A demonic guardian appears!
The hell hound is no longer engulfed.
You slice the fire elemental!!
The fire elemental is severely damaged.
You slash the fire giant! You slash the hell hog!
Visions of slaying the fire elemental flood into your mind.
The hell hog is asphyxiated!
You block the fire elemental's attack.
BOUMMMMG!
You block the hell hog's attack.
GONNNNG!
The fire giant casts a spell at you. The bolt of fire hits you!!!
Ouch! That really hurt!
You die...

▓....©....▓...©...▓
▓▓▓▓▓▓▓▓▓▓▓▓▓▓▓▓▓▓▓▓▓
▓...8©8...▓...8©8...▓
▓..%|/?=..▓.........▓
▓.°!v?%/..▓.........▓
▓....R....▓....GJ...▓
▓.○5RE....▓.JJ.§.§..▓
▓.hCCEh...▓..J...§..▓
▓....hD...▓..J.G..G.▓
▓.........▓.▓...G.▓.▓
▓.▓.....▓.▓....©....▓
▓....©....▓▓▓▓▓▓▓▓▓▓▓
▓▓▓▓▓▓▓▓▓▓▓


{{{{{{{{ {{{{{{{{{ {{{{{{{{∆∆∆∆∆∆∆∆∆∆ ∆∆∆∆∆∆∆∆∆ You could see 2 fire giants, a
fire dragon (catching breath), a hell hog (unsilenced, asphyxiating), 2 efreet,
2 fire elementals, a fire vortex, a hell hound (distracted) and a friendly
shadow imp (summoned).

Vanquished Creatures
  A dancing weapon (D)
  A deep elf zephyrmancer (D)
  2 deep elf pyromancers (D)
  A naga mage (D)
  A merfolk (D)
  A wind drake (D)
  3 nagas (D)
  4 water moccasins (D)
  A necrophage (D)
  A wight (D)
  2 orc priests (D)
  2 orc wizards (D)
  4 adders (D)
  An orc (D)
  A bat skeleton (D)
  A ball python (D)
27 creatures vanquished.

Vanquished Creatures (collateral kills)
  A black mamba (D)
  A naga mage (D)
  A merfolk (D)
  A wind drake (D)
  A naga (D)
  An orc warrior (D)
  2 centaurs (D)
  2 orc priests (D)
  An orc wizard (D)
  An adder (D)
  3 orcs (D)
  2 ball pythons (D)
17 creatures vanquished.

Vanquished Creatures (others)
  An azure jelly (D)
  3 jellies (D)
  An adder (D)
5 creatures vanquished.

Grand Total: 49 creatures vanquished

Notes
Turn   | Place    | Note
-------+----------+-------------------------------------------
     0 | D        | fingers the Demonspawn Shapeshifter began the quest for the
                  | Orb.
     0 | D        | Reached XP level 1. HP: 15/15 MP: 1/1
     0 | D        | Found a shimmering blue altar of Sif Muna.
     0 | D        | Found a bloodstained altar of Trog.
     0 | D        | Found a sacrificial altar of Ru.
     0 | D        | Found a stormy altar of Qazlal.
     0 | D        | Found an iron altar of Okawaru.
     1 | D        | Found a sparkling altar of Nemelex Xobeh.
     1 | D        | Found a blossoming altar of Fedhas.
     1 | D        | Found the +6 Majin-Bo {spellvamp, MP+6 Int+6}
     1 | D        | Found the +27 heavy crossbow "Sniper" {heavy, Acc+∞ SInv}
     1 | D        | Found the +10 dark maul {heavy}
     1 | D        | Found the +15 Maxwell's patent armour {-Cast -Tele rElec
                  | Will+ rCorr}
     1 | D        | Found the +18 shield of the Gong {Loud rN+ Will+ rCorr
                  | EV-5}
     1 | D        | Found the +16 obsidian axe {drain, demonic, Mesm Drain Fly
                  | SInv}
     1 | D        | Found the +7 great mace "Firestarter" {flame, immolate,
                  | rFlCloud rF++}
     1 | D        | Found the +6 shillelagh "Devastator" {shatter}
     1 | D        | Found the +11 plutonium sword {Contam Stlth-}
     1 | D        | Found the +8 lance "Wyrmbane" {slay drac, rPois rF+ rC+
                  | AC+3}
     1 | D        | Found the +9 sword of Zonguldrok {reap}
     1 | D        | Found the +13 scythe of Curses {drain, curses, Drain}
     1 | D        | Found the +9 sword of Power {lifebolt}
     1 | D        | Found the +7 mace of Variability {chaos, chaos arc}
     1 | D        | Found the +11 Singing Sword {sonic wave}
     1 | D        | Found the +8 storm bow {elec, penet}
     3 | D        | Found a transporter.
     3 | D        | Found an ancient bone altar of Kikubaaqudgha.
     3 | D        | Found a viscous altar of Jiyva.
     3 | D        | Found a corrupted altar of Lugonu.
     3 | D        | Found a hazy altar of Hepliaklqana.
     3 | D        | Found a burning altar of Makhleb.
     3 | D        | Found an opulent altar of Gozag.
    90 | D        | Became a worshipper of Jiyva Jiloqas the Shapeless
    91 | D        | Killed an azure jelly
    99 | D        | Entered arena 2.
    99 | D        | Noticed a naga
    99 | D        | Found a transporter.
   103 | D        | Reached skill level 1 in Axes
   103 | D        | Gained mutation: You have a pair of small antennae on your
                  | head. [demonic ancestry]
   103 | D        | Reached XP level 2. HP: 15/21 MP: 2/2
   104 | D        | Killed a naga
   105 | D        | Reached skill level 2 in Axes
   105 | D        | Reached skill level 1 in Shields
   105 | D        | Reached skill level 5 in Unarmed Combat
   105 | D        | Reached XP level 3. HP: 14/26 MP: 3/3
   105 | D        | Reached XP level 4. HP: 18/32 MP: 4/4
   182 | D        | Entered arena 3.
   182 | D        | Noticed a necrophage
   182 | D        | Found a transporter.
   186 | D        | Reached XP level 5. HP: 36/38 MP: 5/5
   188 | D        | Reached skill level 3 in Axes
   192 | D        | Got the amulet "Eqoc Yli" {Spirit Dex+5}
   203 | D        | Entered arena 4.
   203 | D        | Noticed a deep elf pyromancer
   203 | D        | Noticed a deep elf pyromancer
   203 | D        | Noticed a +0 halberd of distortion
   203 | D        | Noticed a deep elf zephyrmancer
   203 | D        | Found a transporter.
   209 | D        | Noticed a fire elemental
   209 | D        | Noticed a fire elemental
   209 | D        | Killed a deep elf zephyrmancer
   209 | D        | Killed a deep elf pyromancer
   210 | D        | Reached skill level 6 in Axes
   210 | D        | Reached XP level 6. HP: 15/47 MP: 1/6
   210 | D        | Reached XP level 7. HP: 17/52 MP: 1/7
   210 | D        | Gained mutation: A weak demonic guardian rushes to your
                  | aid. [demonic ancestry]
   210 | D        | Reached XP level 8. HP: 19/58 MP: 1/8
   212 | D        | Killed a deep elf pyromancer
   213 | D        | Reached skill level 7 in Axes
   213 | D        | Reached skill level 5 in Shields
   214 | D        | Killed a +0 halberd of distortion
   215 | D        | Reached skill level 8 in Axes
   215 | D        | Reached skill level 10 in Shapeshifting
   215 | D        | Gained mutation: You have a pair of antennae on your head.
                  | [demonic ancestry]
   215 | D        | Reached XP level 9. HP: 55/65 MP: 1/9
   291 | D        | Entered arena 5.
   291 | D        | Reached * piety under Jiyva
   291 | D        | Found a transporter.
   303 | D        | Entered arena 6.
   303 | D        | Found a transporter.
   306 | D        | Reached skill level 9 in Axes
   314 | D        | Entered arena 7.
   314 | D        | Noticed a naga mage
   314 | D        | Reached ** piety under Jiyva
   315 | D        | Found a transporter.
   320 | D        | Killed a naga mage
   321 | D        | Reached skill level 5 in Fighting
   321 | D        | Reached skill level 10 in Axes
   329 | D        | Entered arena 8.
   329 | D        | Noticed a merfolk
   329 | D        | Noticed a merfolk
   329 | D        | Noticed a wind drake
   329 | D        | Noticed a wind drake
   330 | D        | Found a transporter.
   336 | D        | Killed a wind drake
   338 | D        | Killed a wind drake
   341 | D        | Killed a merfolk
   341 | D        | Killed a merfolk
   342 | D        | Reached skill level 11 in Axes
   342 | D        | Reached skill level 5 in Armour
   342 | D        | Reached XP level 10. HP: 39/76 MP: 6/10
   376 | D        | Got the Opusculum on Lamentation and Toxins
   388 | D        | Entered arena 9.
   388 | D        | Reached *** piety under Jiyva
   389 | D        | Found a transporter.
   389 | D        | Gained mutation: You have a small jelly attached to you
                  | that senses nearby items. [Jiyva's grace]
   389 | D        | Gained mutation: Your melee attacks may engulf your foes in
                  | ooze. [Jiyva's grace]
   389 | D        | Gained mutation: Your muscles are strong. (Str +4, Int/Dex
                  | -1) [Jiyva's grace]
   389 | D        | Gained mutation: Your muscles are very strong. (Str +8,
                  | Int/Dex -2) [Jiyva's grace]
   407 | D        | Entered arena 10.
   407 | D        | Noticed a naga mage
   407 | D        | Noticed a black mamba
   408 | D        | Found a transporter.
   410 | D        | Killed a black mamba
   411 | D        | Reached skill level 1 in Stealth
   413 | D        | Killed a naga mage
   414 | D        | Reached skill level 12 in Axes
   418 | D        | Got the amulet of Faep Zoadd {Faith Fly rPois Will- Regen+}
   429 | D        | Entered arena 11.
   429 | D        | Noticed an eye of devastation
   429 | D        | Noticed a shining eye
   430 | D        | Found a transporter.
   438 | D        | Entered arena 12.
   438 | D        | Noticed a fire giant
   438 | D        | Noticed a hell hog
   438 | D        | Noticed a fire dragon
   438 | D        | Noticed a fire giant
   440 | D        | Found a transporter.
   443 | D        | Killed from afar by a fire giant

Illustrated notes

Levels and vault maps discovered:
D:        sprint_v [room_start, room_1, room_2, room_3, room_4, room_5, room_6,
          room_7, room_8, room_9, room_10, room_11, room_12, room_13, room_14,
          room_15, room_16, room_17, room_18, room_19, room_20, room_21,
          room_22, room_23, room_24, room_25, room_26, room_27]

Skill      XL: |  1  2  3  4  5  6  7  8  9 10 |
---------------+-------------------------------+-----
Axes           | 1 2 6 8 11 12 | 12.0
Dodging        | 2 3 4 |  4.3
Unarmed Combat | 3 5 6 8 9 |  9.8
Shapeshifting  | 3 6 9 10 | 10.3
Shields        | 1 4 6 8 9 |  9.2
Fighting       | 3 4 5 6 |  6.2
Armour         | 2 3 5 |  5.9
Stealth        | 1 |  1.8
Evocations     | |  0.5

Action                     |  1- 3 |  4- 6 |  7- 9 | 10-12 || total
---------------------------+-------+-------+-------+-------++-------
  Melee: Broad axe         |     3 |     4 |    12 |     6 ||    25
  Evoke: Wand              |     1 |       |       |       ||     1
    Use: Potion            |       |     2 |     2 |       ||     4
   Stab: Distracted        |       |       |     1 |     1 ||     2
 Armour: Plate armour      |     3 |    14 |    24 |    10 ||    51
  Dodge: Dodged            |       |       |     2 |       ||     2
  Block: Kite shield       |     6 |    19 |    31 |    17 ||    73

Table legend: (Time is in decaauts)
 A = Elapsed time spent in this place.
 B = Non-inter-level travel time spent in this place.
 C = Inter-level travel time spent in this place.
 D = Time resting spent in this place.
 E = Time spent auto-exploring this place.
 F = Levels seen in this place.
 G = Mean time per level.
                   A        B        C        D        E       F      G
               +--------+--------+--------+--------+--------+-----+--------+
         Total |    449 |    449 |      0 |      0 |    174 |   1 |  449.0 |
       Dungeon |    449 |    449 |      0 |      0 |    174 |   1 |  449.0 |
               +--------+--------+--------+--------+--------+-----+--------+

Top non-repeatable levels by time:
       D: 449 daAuts
